 Dungeon Crawl Stone Soup version 0.31-a0-564-g3b7de120b3 (webtiles) character file.

Game seed: 10330336441098380730

3524 LobsterGuardian the Carver (level 9, -6/68 HPs)
             Began as a Demonspawn Gladiator on Aug 17, 2023.
             Mangled by Erolcha
             ... wielding a +0 giant club
              (12 damage)
             ... on level 9 of the Dungeon.
             The game lasted 00:28:16 (6806 turns).

LobsterGuardian the Carver (Demonspawn Gladiator)   Turns: 6806, Time: 00:28:16

Health: -6/68      AC: 30    Str: 16    XL:     9   Next: 81%
Magic:  9/9        EV:  3    Int:  5    God:
Gold:   111        SH:  0    Dex: 18    Spells: 8/8 levels left

rFire   . . .        J - +1 executioner's axe (flame)
rCold   . . .        (shield currently unavailable)
rNeg    . . .        F - +1 crystal plate armour
rPois   .            c - +0 helmet
rElec   .            (no cloak)
rCorr   .            d - +2 pair of gloves
SInv    .            o - +0 pair of boots
Will    +....        g - amulet of regeneration Stlth
                     n - ring of willpower
HPRegen 1.11/turn    s - ring of wizardry
MPRegen 0.11/turn

%: random rage (9%), wizardry (x1)
@: sanguine armoured, on berserk cooldown, slowed, very slow
A: hooves 2, foul stench 1, sanguine armour 1, berserk 2, dopey 2, MP-powered
wands
a: no special abilities


You were on level 9 of the Dungeon.
You visited 2 branches of the dungeon, and saw 10 of its levels.
You also visited: Sewer.

You collected 461 gold pieces.
You spent 350 gold pieces at shops.

Inventory:

Hand Weapons
 a - a +1 long sword
 I - a +3 hand axe
 J - a +1 executioner's axe of flaming (weapon)
Missiles
 e - a javelin
 i - a throwing net
Armour
 c - a +0 helmet (worn)
 d - a +2 pair of gloves (worn)
 o - a +0 pair of boots (worn)
 F - a +1 crystal plate armour (worn)
Jewellery
 g - an amulet of regeneration (around neck)
 n - a ring of willpower (left hand)
 s - a ring of wizardry (right hand)
 x - an amulet of reflection
 G - a ring of flight
 H - a ring of magical power
Wands
 t - a wand of flame (15)
 B - a wand of paralysis (9)
Scrolls
 b - a scroll of enchant weapon
 l - 2 scrolls of noise
 m - 4 scrolls of enchant armour
 p - 2 scrolls of teleportation
 q - a scroll of poison {unknown}
 r - a scroll of amnesia {unknown}
 u - 4 scrolls of vulnerability
 w - a scroll of immolation {unknown}
 y - 3 scrolls of fog
 z - a scroll of blinking {unknown}
 D - a scroll of torment {unknown}
Potions
 f - 3 potions of curing
 h - 6 potions of lignification
 j - a potion of brilliance {unknown}
 k - 3 potions of resistance
 v - a potion of degeneration {unknown}
 A - a potion of ambrosia
 C - a potion of cancellation
 E - a potion of attraction


   Skills:
 + Level 5.5 Fighting
 - Level 9.4 Long Blades
 * Level 0.9 Axes
 - Level 1.7 Throwing
 + Level 5.7 Armour
 * Level 5.8 Dodging


You had 8 spell levels left.
You didn't know any spells.
Your spell library contained the following spells:

 Spells                   Type           Power      Damage    Failure   Level
 Apportation              Tloc           0%         N/A       100%        1
 Necrotise                Necr           0%         1d4       100%        1
 Summon Small Mammal      Summ           0%         N/A       100%        1
 Scorch                   Fire           0%         2d5       100%        2
 Volatile Blastmotes      Fire/Tloc      0%         2d10      100%        3
 Flame Wave               Conj/Fire      0%         2d4       100%        4
 Fulminant Prism          Conj/Hex       0%         3d5       100%        4
 Iskenderun's Mystic Bla  Conj/Tloc      0%         2d3       100%        4
 Summon Cactus Giant      Summ           0%         N/A       100%        6


Dungeon Overview and Level Annotations

Branches:
Dungeon (9/15)             Temple (1/1) D:7           Sewer (visited)
   Lair: D:8-11         Orc: D:9-12

Altars:
Ashenzari
Cheibriados
Dithmenos
Fedhas
Gozag
Hepliaklqana
Kikubaaqudgha
Makhleb
Nemelex Xobeh
Okawaru
Qazlal
Ru
Sif Muna
Trog
Vehumet
Wu Jian
Xom
Yredelemnul

Shops:
D:2 :   D:3 =   D:8 (

Annotations:
D:8 Jeremiah
D:9 1 runed translucent door, exclusion: oklob plant, Erolcha


Innate Abilities, Weirdness & Mutations

You have hoof-like feet.
You may rarely emit foul miasma when damaged in melee.
When seriously injured, your blood forms armour. (AC +6)
You have an uncontrollable temper.
You are very dopey. (Int -4)
You expend magic power (3 MP) to strengthen your wands.


Message History

You feel sick.
Unknown command.
You barely miss Erolcha.
You feel very sick. Erolcha hits you with a +0 giant club.
The floating eye pulsates ominously.
The floating eye gazes piercingly through you!
You shrug off the repeated paralysis!
The floating eye's stare focuses on you.
You slash Erolcha! You burn Erolcha.
Erolcha is heavily wounded.
You feel sick. Erolcha hits you with a +0 giant club!!
* * * LOW HITPOINT WARNING * * *
The floating eye gazes piercingly through you!
You suddenly lose the ability to move!
You feel sick.
The floating eye's stare focuses on you.
Erolcha hits you with a +0 giant club.
* * * LOW HITPOINT WARNING * * *
You emit a cloud of foul miasma!
You feel sick.
You are no longer berserk.
You feel yourself slow down.
You feel sick.
Erolcha is engulfed in dark miasma.
Erolcha is poisoned.
Erolcha hits you but does no damage.
You can move again.
Unknown command.
You hit Erolcha. You burn Erolcha.
Erolcha is severely wounded.
You feel sick.
Erolcha is engulfed in dark miasma.
Erolcha looks even sicker.
Erolcha gestures wildly while chanting.
Erolcha flickers and vanishes!
Deactivating autopickup; reactivate with Ctrl-A.
The floating eye gazes piercingly through you!
You shrug off the repeated paralysis!
You hear some strange, mumbled words.
Unknown command.
Found a ring mail.
You feel sick.
You are no longer poisoned.
Something hits you!
You die...

.........#.#
$........#.#
..........)#
PPP........#
P$PP.......###
?..PP........#
.P..PP....##...
P.>GP......+
PPPPP...@.##
...............
.........#.....
.........$#.....
..(.....<.. .#.#
...(.#.#.#..# #
###..#. .#.
..... .# [


You could see a floating eye.

Vanquished Creatures
  Pikel (D:7)
  A wyvern (D:7)
  A wraith (D:7)
  Eustachio (D:6)
  A water moccasin (D:5)
  2 orc warriors
  A black bear (D:7)
  2 ogres
  An ice beast (D:5)
  3 centaurs
  A lemure (D:7)
  2 phantoms (D:5)
  A kobold brigand (D:8)
  2 bullfrogs (D:8)
  2 scorpions (D:5)
  6 killer bees
  8 howler monkeys
  3 jellies
  2 hounds (D:5)
  An orc priest (D:5)
  A gnoll bouda (D:8)
  A sleepcap (D:7)
  4 iguanas
  4 orc wizards
  3 gnolls (D:8)
  14 adders
  2 river rats (Sewer)
  3 white imps
  An ufetubus (D:6)
  5 dart slugs
  24 orcs
  6 bats
  9 endoplasms
  2 giant cockroaches
  6 goblins
  9 hobgoblins
  4 jackals
  4 quokkas
  8 ball pythons
  3 frilled lizards
  11 kobolds
  4 rats
170 creatures vanquished.

Notes
Turn   | Place    | Note
-------+----------+-------------------------------------------
     0 | D:1      | LobsterGuardian the Demonspawn Gladiator began the quest
                  | for the Orb.
     0 | D:1      | Reached XP level 1. HP: 16/16 MP: 1/1
    57 | D:1      | Reached skill level 3 in Long Blades
    94 | D:1      | Gained mutation: You have large cloven feet. [demonic
                  | ancestry]
    94 | D:1      | Reached XP level 2. HP: 22/22 MP: 2/2
   540 | D:2      | Reached XP level 3. HP: 25/27 MP: 3/3
   650 | D:2      | Found a faded altar of an unknown god.
   680 | D:2      | Upgraded the game from 0.31-a0-557-g6e16503903 to
                  | 0.31-a0-564-g3b7de120b3
   747 | D:2      | Gained mutation: When seriously injured, your blood forms
                  | armour. (AC +6) [demonic ancestry]
   747 | D:2      | Reached XP level 4. HP: 31/33 MP: 4/4
   760 | D:2      | Reached skill level 4 in Long Blades
   866 | D:2      | Found Ytoiwaps's Book Shop.
  1010 | D:2      | Found a stormy altar of Qazlal.
  1335 | D:3      | Found Mofoqawk's Jewellery Shoppe.
  1839 | D:4      | Reached XP level 5. HP: 35/39 MP: 5/5
  2054 | D:4      | Found a radiant altar of Vehumet.
  2489 | D:4      | Reached skill level 1 in Armour
  2729 | D:5      | Entered Level 5 of the Dungeon
  2741 | D:5      | Reached skill level 5 in Long Blades
  2753 | D:5      | Found an ornate altar of the Wu Jian Council.
  2754 | D:5      | Found an ancient bone altar of Kikubaaqudgha.
  2768 | D:5      | Found a glowing drain.
  2768 | D:5      | Noticed a water moccasin
  2779 | D:5      | Killed a water moccasin
  2780 | D:5      | Reached XP level 6. HP: 28/46 MP: 6/6
  2813 | Sewer    | Entered a sewer
  3659 | D:5      | Reached skill level 6 in Long Blades
  3748 | D:5      | Gained mutation: You are occasionally teleported next to
                  | monsters. [potion of mutation]
  3752 | D:5      | Reached XP level 7. HP: 44/51 MP: 7/7
  3752 | D:5      | Lost mutation: You are occasionally teleported next to
                  | monsters. [potion of mutation]
  3752 | D:5      | Gained mutation: Your body sometimes deteriorates upon
                  | taking damage. [potion of mutation]
  3752 | D:5      | Gained mutation: You possess an exceptional clarity of
                  | mind. [potion of mutation]
  3754 | D:5      | Lost mutation: You possess an exceptional clarity of mind.
                  | [potion of mutation]
  3754 | D:5      | Lost mutation: Your body sometimes deteriorates upon taking
                  | damage. [potion of mutation]
  3754 | D:5      | Gained mutation: You have hidden genetic defects. [potion
                  | of mutation]
  3754 | D:5      | Gained mutation: You have terrible hidden genetic defects.
                  | [potion of mutation]
  3754 | D:5      | Gained mutation: You expend magic power (3 MP) to
                  | strengthen your wands. [potion of mutation]
  3793 | D:5      | Gained mutation: You sometimes lose your temper in combat.
                  | [hidden defects]
  4042 | D:5      | Gained mutation: You are dopey. (Int -2) [hidden defects]
  4042 | D:5      | Lost mutation: You have terrible hidden genetic defects.
                  | [hidden defects expressed]
  4084 | D:5      | Reached skill level 7 in Long Blades
  4175 | D:5      | Gained mutation: You are very dopey. (Int -4) [hidden
                  | defects]
  4294 | D:5      | Gained mutation: You have hoof-like feet. [demonic
                  | ancestry]
  4294 | D:5      | Reached XP level 8. HP: 60/60 MP: 8/8
  4445 | D:6      | Gained mutation: You have an uncontrollable temper. [hidden
                  | defects]
  4445 | D:6      | Lost mutation: You have hidden genetic defects. [hidden
                  | defects expressed]
  4539 | D:6      | Noticed Eustachio
  4556 | D:6      | Killed Eustachio
  4604 | D:6      | Found a stormy altar of Qazlal.
  5214 | D:7      | Reached skill level 8 in Long Blades
  5295 | D:7      | Noticed Pikel
  5314 | D:7      | Killed Pikel
  5315 | D:7      | Reached skill level 5 in Dodging
  5315 | D:7      | Gained mutation: You may rarely emit foul miasma when
                  | damaged in melee. [demonic ancestry]
  5315 | D:7      | Reached XP level 9. HP: 66/66 MP: 9/9
  5367 | D:7      | Paralysed by an orc for 3 turns
  5525 | D:7      | Found a staircase to the Ecumenical Temple.
  5536 | D:7      | Reached skill level 5 in Fighting
  5536 | D:7      | Reached skill level 5 in Armour
  5540 | Temple   | Entered the Ecumenical Temple
  5768 | D:8      | Reached skill level 9 in Long Blades
  6571 | D:8      | Found Ratyrr's Weapon Boutique.
  6580 | D:8      | Bought a +1 executioner's axe of flaming for 350 gold
                  | pieces
  6661 | D:8      | Noticed Jeremiah
  6783 | D:9      | Noticed a green ugly thing
  6783 | D:9      | Noticed a cyclops
  6789 | D:9      | Found a runed translucent door.
  6789 | D:9      | Noticed a rime drake
  6789 | D:9      | Noticed a meliai
  6789 | D:9      | Noticed a purple ugly thing
  6790 | D:9      | Noticed a centaur warrior
  6790 | D:9      | Noticed a troll
  6795 | D:9      | Noticed an oklob plant
  6795 | D:9      | Noticed Erolcha
  6796 | D:9      | Paralysed by a floating eye for 2 turns
  6801 | D:9      | Paralysed by a floating eye for 4 turns
  6806 | D:9      | Mangled by Erolcha

Illustrated notes

Levels and vault maps discovered:
D:1:      dpeg_arrival_castle, layout_rooms
D:2:      layout_basic, basic_altar, serial_shops, nicolae_shop_back_alley_shop,
          ebering_ecumenical_altar_abandoned
D:3:      layout_loops_cross, serial_shops, nicolae_shop_hallway_plus
D:4:      layout_layer_cave, mainiacjoe_overflow_chevrons
D:5:      layout_loops_ring, gammafunk_temple_overflow_forgotten,
          gup_sewer_entry_glass, nicolae_underground_beach
D:6:      layout_rooms, lemuel_doored_altar, uniq_eustachio
D:7:      layout_basic, minmay_temple_entry_statues_pillars, minmay_between,
          uniq_pikel
D:8:      layout_loops_ring, serial_shops, nicolae_shop_bloodbath_and_beyond,
          hangedman_decor_peaks_small, uniq_jeremiah
D:9:      minmay_the_grid_triangle_9x9_recursive_2_mashed
          [minmay_the_grid_triangle_9x9_prize_schism,
          minmay_the_grid_triangle_9x9_subtriangle,
          minmay_the_grid_triangle_9x9_longest,
          minmay_the_grid_triangle_9x9_tough_junction], layout_basic,
          disabler_island, uniq_erolcha
Temple:   kb_temple_of_zot

Skill      XL: |  1  2  3  4  5  6  7  8  9 |
---------------+----------------------------+-----
Long Blades    | 3 4 5 6 7 8 9 |  9.4
Dodging        | 3 5 |  5.8
Armour         | 1 3 4 5 |  5.7
Fighting       | 3 4 5 |  5.5
Axes           | |  0.9
Throwing       | |  1.7

Action                     |  1- 3 |  4- 6 |  7- 9 || total
---------------------------+-------+-------+-------++-------
  Melee: Long sword        |    91 |   267 |   341 ||   699
         Kick              |     7 |       |       ||     7
         Punch             |       |     2 |     5 ||     7
         Executioner's axe |       |       |    26 ||    26
         Hand axe          |       |       |     1 ||     1
  Throw: Throwing net      |     1 |     3 |     1 ||     5
    Use: Scroll            |     1 |     6 |     7 ||    14
         Potion            |       |     4 |    13 ||    17
   Stab: Held in net/web   |     1 |       |     1 ||     2
         Sleeping          |     2 |     3 |       ||     5
         Invisible         |       |       |     3 ||     3
 Armour: Leather armour    |    38 |    85 |     8 ||   131
         Crystal plate arm |       |       |   468 ||   468
  Dodge: Dodged            |    69 |   180 |    55 ||   304

Table legend: (Time is in decaauts)
 A = Elapsed time spent in this place.
 B = Non-inter-level travel time spent in this place.
 C = Inter-level travel time spent in this place.
 D = Time resting spent in this place.
 E = Time spent auto-exploring this place.
 F = Levels seen in this place.
 G = Mean time per level.
                   A        B        C        D        E       F      G
               +--------+--------+--------+--------+--------+-----+--------+
         Total |   7111 |   6594 |    517 |    277 |   4667 |  11 |  646.5 |
       Dungeon |   6264 |   5748 |    516 |    277 |   4115 |   9 |  696.0 |
        Temple |      5 |      4 |      1 |      0 |      3 |   1 |    5.0 |
         Sewer |    841 |    841 |      0 |      0 |    549 |   1 |  841.0 |
               +--------+--------+--------+--------+--------+-----+--------+

Top non-repeatable levels by time:
     D:5: 1106 daAuts
     D:4: 998 daAuts
   Sewer: 841 daAuts
     D:8: 815 daAuts
     D:3: 721 daAuts
     D:6: 694 daAuts
     D:2: 658 daAuts
     D:7: 625 daAuts
     D:1: 534 daAuts
     D:9: 109 daAuts
  Temple: 5 daAuts
